 Dungeon Crawl Stone Soup version 0.28-a0-1555-g9ae15a6949 (webtiles) character file.

Game seed: 16428680406876927904

32 Pin the Chopper (level 3, 0/31 HPs)
             Began as a Hill Orc Monk on Jan 19, 2022.
             Was a Follower of Ru.
             Slain by an iguana (5 damage)
             ... on level 2 of the Dungeon.
             The game lasted 00:03:00 (1963 turns).

Pin the Chopper (Hill Orc Monk)                     Turns: 1963, Time: 00:03:01

Health: 0/31       AC: 10    Str: 15    XL:     3   Next: 25%
Magic:  3/3        EV:  6    Int: 10    God:    Ru [*.....]
Gold:   40         SH:  0    Dex: 13    Spells: 2/2 levels left

rFire   . . .      SeeInvis .   a - +0 hand axe
rCold   . . .      Faith    .   (no shield)
rNeg    . . .      Spirit   .   f - +0 chain mail
rPois   .          Reflect  .   c - +0 helmet
rElec   .          Harm     .   (no cloak)
rCorr   .          Rampage  .   (no gloves)
Will    .....                   (no boots)
Stlth   ..........              (no amulet)
HPRegen 0.10/turn               (no ring)
MPRegen 0.08/turn               (no ring)

@: no status effects
A: inability to train dodging
a: Renounce Religion


You were on level 2 of the Dungeon.
You worshipped Ru.
Ru was aware of your devotion.
You visited 1 branch of the dungeon, and saw 3 of its levels.

You collected 40 gold pieces.

Inventory:

Hand Weapons
 a - a +0 hand axe (weapon)
Armour
 c - a +0 helmet (worn)
 f - a +0 chain mail (worn)
Scrolls
 b - a scroll of immolation {unknown}
 e - a scroll of vulnerability {unknown}
 h - a scroll of holy word {unknown}
 i - a scroll of blinking {unknown}
Potions
 d - 2 potions of mutation {unknown}
 g - a potion of magic {unknown}
 j - a potion of flight {unknown}
 k - a potion of curing {unknown}
 l - a potion of brilliance {unknown}
 m - a potion of might {unknown}


   Skills:
 - Level 3.6 Fighting
 - Level 4.0 Axes
 + Level 3.1 Armour
 - Level 1.5 Stealth


You had 2 spell levels left.
You didn't know any spells.
Your spell library contained the following spells:

 Spells                   Type           Power      Damage    Failure   Level
 Summon Small Mammal      Summ           0%         N/A       100%        1
 Call Canine Familiar     Summ           0%         N/A       100%        3
 Summon Guardian Golem    Hex/Summ       0%         N/A       100%        3


Dungeon Overview and Level Annotations

Branches:
Dungeon (3/15)

Altars:
Okawaru
Ru

Shops:
D:1 =


Innate Abilities, Weirdness & Mutations

You cannot train Dodging skill.


Message History

You hit the endoplasm but do no damage.
The endoplasm is lightly wounded.
The endoplasm hits you but does no damage.
You hit the endoplasm but do no damage.
The endoplasm is lightly wounded.
You completely miss the iguana. The endoplasm freezes you.
You are frozen.
The iguana bites you!
You hit the endoplasm.
The endoplasm is almost dead.
You hit the iguana but do no damage. The endoplasm freezes you.
You are frozen.
The iguana bites you but does no damage.
You are too injured to fight recklessly!
You are too injured to fight recklessly!
You are too injured to fight recklessly!
You are too injured to fight recklessly!
You are too injured to fight recklessly!
The iguana bites you but does no damage.
There is a stone staircase leading up here.
The endoplasm is stunned by your conviction and fails to attack.
The iguana bites you.
You climb upwards.
There is a stone staircase leading down here.
You hit the endoplasm.
You kill the endoplasm!
You hit the iguana but do no damage.
The iguana bites you but does no damage.
You closely miss the iguana.
You redirect the iguana's attack!
The iguana bites itself.
You hit the iguana.
The iguana is heavily wounded.
The iguana bites you!
* * * LOW HITPOINT WARNING * * *
You hit the iguana.
The iguana is severely wounded.
The iguana bites you.
You die...

#####.####.#
#........#.#
####.###.##.#.###
.....# #.##.....#
.#####
#......#.######
.#
#######.......#
.# #..####.#
.#### #..####.###
....#
#######..@......#
.##.#
#.....#.l.....#.#
..#.#
#.....#..#.##.#.#
..#.#
#.....#.......#.#
..#.#
#.....##.#.##.#.#
.##.#
#.....##.#.##.#.#
....#
#...............#
.####
#.#.###.#####.###
.#
#.#.###.#####.#


You could see an iguana.

Vanquished Creatures
  A gnoll (D:1)
  A worm (D:2)
  A dart slug (D:1)
  3 endoplasms (D:2)
  2 giant cockroaches
  4 goblins
  A quokka (D:1)
  2 frilled lizards (D:1)
  A rat (D:1)
16 creatures vanquished.

Notes
Turn   | Place    | Note
-------+----------+-------------------------------------------
     0 | D:1      | Pin the Hill Orc Monk began the quest for the Orb.
     0 | D:1      | Reached XP level 1. HP: 19/19 MP: 1/1
   151 | D:1      | Reached skill level 1 in Armour
   285 | D:1      | Reached XP level 2. HP: 8/26 MP: 2/2
   712 | D:1      | Found Jealumek's Jewellery Shop.
  1222 | D:2      | Reached XP level 3. HP: 17/31 MP: 3/3
  1376 | D:2      | Found an iron altar of Okawaru.
  1424 | D:2      | Found a faded altar of an unknown god.
  1432 | D:2      | Prayed at the altar of an unknown god.
  1432 | D:2      | Became a worshipper of Ru the Awakened
  1436 | D:2      | Gained mutation: You cannot train Dodging skill. [Ru
                  | sacrifice]
  1436 | D:2      | Reached * piety under Ru
  1963 | D:2      | Slain by an iguana

Illustrated notes

Levels and vault maps discovered:
D:1:      dpeg_arrival_windows_large_door, layout_basic, serial_shops,
          nicolae_shop_temple_entry_statues_fountains, nicolae_grassy_gnolls
D:2:      layout_loops_cross, ebering_ecumenical_altar_webs, basic_altar,
          kennysheep_minor_cross
D:3:      layout_basic, evilmike_ruin_ashenzari, trog_book, serial_shops,
          nicolae_shop_bloodbath_and_beyond, uniq_grinder

Skill      XL: |  1  2  3 |
---------------+----------+-----
Armour         | 2 3 |  3.1
Dodging        | 0 |  0.0
Fighting       | |  3.6
Axes           | |  4.0
Stealth        | |  1.5

Action                   || total
-------------------------++-------
Melee: Hand axe          ||    70
       Punch             ||     2
Invok: Sacrifice Nimblen ||     1
Armor: Chain mail        ||    35
Dodge: Dodged            ||    14

Table legend: (Time is in decaauts)
 A = Elapsed time spent in this place.
 B = Non-inter-level travel time spent in this place.
 C = Inter-level travel time spent in this place.
 D = Time resting spent in this place.
 E = Time spent auto-exploring this place.
 F = Levels seen in this place.
 G = Mean time per level.
                   A        B        C        D        E       F      G
               +--------+--------+--------+--------+--------+-----+--------+
         Total |   1969 |   1904 |     65 |    318 |   1388 |   3 |  656.3 |
       Dungeon |   1969 |   1904 |     65 |    318 |   1388 |   3 |  656.3 |
               +--------+--------+--------+--------+--------+-----+--------+

Top non-repeatable levels by time:
     D:1: 1173 daAuts
     D:2: 786 daAuts
     D:3: 9 daAuts
